 Dungeon Crawl Stone Soup version 0.30-a0-50-gb2d611f6b1 (webtiles) character file.

Game seed: 11984718852084377835

98 scionoferis the Slasher (level 4, -5/39 HPs)
             Began as a Naga Warper on Sept 4, 2022.
             Slain by an ogre
             ... wielding a +0 giant club
              (27 damage)
             ... on level 4 of the Dungeon.
             The game lasted 00:07:17 (4039 turns).

scionoferis the Slasher (Naga Warper)               Turns: 4039, Time: 00:07:18

Health: -5/39      AC:  2    Str: 13    XL:     4   Next: 71%
Magic:  7/7        EV:  8    Int: 14    God:
Gold:   123        SH:  6    Dex: 12    Spells: 5/7 levels left

rFire   . . .      SeeInvis +    a - +3 dagger
rCold   . . .      Faith    .    q - +0 kite shield
rNeg    + . .      Spirit   .    o - +0 leather armour
rPois   +          Reflect  .    (no helmet)
rElec   .          Harm     .    (no cloak)
rCorr   .          Rampage  .    (no gloves)
Will    .....                    (no barding)
Stlth   +.........               (no amulet)
HPRegen 0.13/turn                h - ring of positive energy
MPRegen 0.10/turn                i - ring of flight

@: flying, very slow
A: AC +1, large, see invisible, deformed body, poison resistance, slowness 2,
spit poison 1, naga tail 1
a: Spit Poison


You were on level 4 of the Dungeon.
You visited 1 branch of the dungeon, and saw 4 of its levels.

You collected 123 gold pieces.

Inventory:

Hand Weapons
 a - a +3 dagger (weapon)
 b - a +0 sling
 f - a +1 whip of electrocution
 x - a +0 long sword
Missiles
 d - 6 boomerangs of dispersal (quivered)
 A - 4 poisoned darts
Armour
 o - a +0 leather armour (worn)
 q - a +0 kite shield (worn)
Jewellery
 h - a ring of positive energy (left hand)
 i - a ring of flight (right hand)
 v - an amulet of faith
Wands
 p - a wand of flame (11)
 y - a wand of digging (2)
Scrolls
 c - a scroll of blinking
 e - a scroll of butterflies {unknown}
 g - a scroll of vulnerability {unknown}
 j - a scroll of fear {unknown}
 k - a scroll of brand weapon {unknown}
 l - a scroll of noise {unknown}
 t - 2 scrolls of amnesia {unknown}
 u - a scroll of enchant armour {unknown}
 w - 2 scrolls of identify {unknown}
Potions
 m - a potion of berserk rage
 n - 2 potions of haste {unknown}
 r - a potion of brilliance {unknown}
 s - 2 potions of heal wounds {unknown}
 z - a potion of curing {unknown}


   Skills:
 - Level 2.0 Fighting
 + Level 4.7 Long Blades
 - Level 0.8 Throwing
 - Level 0.7 Armour
 - Level 1.5 Dodging
 - Level 2.0 Spellcasting
 - Level 3.0 Translocations


You had 5 spell levels left.
You knew the following spells:

 Your Spells              Type           Power      Damage    Failure   Level
a - Blink                 Tloc           18%        N/A       34%         2

Your spell library contained the following spells:

 Spells                   Type           Power      Damage    Failure   Level
 Gell's Gravitas          Tloc           9%         N/A       56%         3
 Lesser Beckoning         Tloc           9%         N/A       56%         3
 Teleport Other           Tloc           9%         N/A       56%         3
 Manifold Assault         Tloc           9%         N/A       100%        5


Dungeon Overview and Level Annotations

Branches:
Dungeon (4/15)
 Temple: D:4-7

Altars:
Sif Muna

Shops:
D:3 =


Innate Abilities, Weirdness & Mutations

Your serpentine skin is tough. (AC +1)
You have supernaturally acute eyesight. (SInv)
Armour fits poorly on your strangely shaped body.
Your system is resistant to poisons. (rPois)
You cover ground very slowly.
You can spit poison.
You have a snake-like lower body.


Message History

b - a +0 sling (weapon)
You shoot a sling bullet.
The sling bullet hits the giant cockroach.
The giant cockroach is moderately wounded.
You shoot a sling bullet.
The sling bullet hits the giant cockroach but does no damage.
The giant cockroach is moderately wounded.
You shoot a sling bullet.
The sling bullet hits the giant cockroach.
You kill the giant cockroach!
a - a +3 dagger (weapon)
b - a +0 sling (weapon)
An ogre comes into view. It is wielding a +0 giant club.
a - a +3 dagger (weapon)
The ogre shouts!
Aiming: Spit Poison (1% risk of failure)
Press: ? - help, Shift-Dir - straight line, f - you
Okay, then.
b - a +0 sling (weapon)
You shoot a sling bullet.
The sling bullet hits the ogre but does no damage.
Aiming: Spit Poison (1% risk of failure)
Press: ? - help, Shift-Dir - straight line, f/p - ogre
Aim: an ogre, wielding a +0 giant club (81% to hit)
The splash of poison hits the ogre.
The ogre is poisoned.
The ogre is lightly wounded.
You shoot a sling bullet.
The sling bullet barely misses the ogre.
a - a +3 dagger (weapon)
You hit the ogre.
The ogre is moderately wounded.
You have got your breath back.
The ogre hits you with a +0 giant club!
You hit the ogre.
The ogre is heavily wounded.
You barely miss the ogre.
The ogre is heavily wounded.
The ogre hits you with a +0 giant club!!
Ouch! That really hurt!
You die...

.....##... .
#.#......
..###.#.....
.
....#......
.. ........#
....
......#....
#O......♣
##.@)#...♣♣.
#.$.<.......
##..#....♣♣.
.....###..♣
......##


.PP .#.... .P ##... P. #... . ... You could see an ogre (poisoned).

Vanquished Creatures
  2 adders (D:3)
  A gnoll (D:1)
  A worm (D:3)
  2 dart slugs
  6 ball pythons
  7 endoplasms
  4 giant cockroaches
  7 goblins
  8 hobgoblins
  4 kobolds
  2 quokkas (D:2)
  6 bats
  4 frilled lizards
  4 rats
58 creatures vanquished.

Notes
Turn   | Place    | Note
-------+----------+-------------------------------------------
     0 | D:1      | scionoferis the Naga Warper began the quest for the Orb.
     0 | D:1      | Reached XP level 1. HP: 19/19 MP: 3/3
   198 | D:1      | Reached XP level 2. HP: 8/26 MP: 5/5
   488 | D:1      | Reached skill level 3 in Long Blades
   959 | D:1      | Reached XP level 3. HP: 30/32 MP: 6/6
   962 | D:1      | Learned a level 2 spell: Blink
  1004 | D:1      | HP: 1/32 [gnoll/+0 whip (5)]
  1320 | D:1      | Found a faded altar of an unknown god.
  2169 | D:2      | Reached skill level 4 in Long Blades
  2502 | D:2      | Found a shimmering blue altar of Sif Muna.
  2662 | D:2      | Reached XP level 4. HP: 39/39 MP: 7/7
  3658 | D:3      | Found Veuxuec's Jewellery Shoppe.
  4030 | D:4      | Noticed an ogre
  4039 | D:4      | Slain by an ogre

Illustrated notes

Levels and vault maps discovered:
D:1:      spicycebolla_green_bress_n_ham_2, layout_basic,
          chequers_ecumenical_altar_island
D:2:      layout_basic, basic_altar
D:3:      layout_basic, serial_shops, nicolae_diamond_shop
D:4:      layout_cave_pools, serial_park, serial_park_avenue1,
          serial_park_tiny_2, serial_park_paths [serial_park_minivault_5x5_8]

Skill      XL: |  1  2  3 |
---------------+----------+-----
Long Blades    | 3 4 |  4.7
Fighting       | |  2.0
Throwing       | |  0.8
Armour         | |  0.7
Dodging        | |  1.5
Spellcasting   | |  2.0
Translocations | |  3.0

Action                   |  1- 3 |  4- 6 || total
-------------------------+-------+-------++-------
Melee: Falchion          |    22 |       ||    22
       Whip              |    66 |    37 ||   103
       Punch             |     1 |       ||     1
       Dagger            |       |     3 ||     3
 Fire: Sling             |    19 |    37 ||    56
Throw: Boomerang         |     1 |       ||     1
 Abil: Spit Poison       |       |     1 ||     1
  Use: Potion            |     2 |       ||     2
Armor: Leather armour    |    19 |     5 ||    24
Dodge: Dodged            |    35 |    13 ||    48
Block: Kite shield       |     4 |    14 ||    18

Table legend: (Time is in decaauts)
 A = Elapsed time spent in this place.
 B = Non-inter-level travel time spent in this place.
 C = Inter-level travel time spent in this place.
 D = Time resting spent in this place.
 E = Time spent auto-exploring this place.
 F = Levels seen in this place.
 G = Mean time per level.
                   A        B        C        D        E       F      G
               +--------+--------+--------+--------+--------+-----+--------+
         Total |   4951 |   4793 |    158 |    347 |   3856 |   4 | 1237.8 |
       Dungeon |   4951 |   4793 |    158 |    347 |   3856 |   4 | 1237.8 |
               +--------+--------+--------+--------+--------+-----+--------+

Top non-repeatable levels by time:
     D:1: 1889 daAuts
     D:2: 1802 daAuts
     D:3: 1221 daAuts
     D:4: 38 daAuts
